 Dungeon Crawl Stone Soup version 0.22-a0-259-gdd11e71 (webtiles) character file.

14 tidbits the Insei (level 2, -6/23 HPs)
             Began as a Gnoll Transmuter on Mar 5, 2018.
             Mangled by Terence
             ... wielding a +4 short sword of venom
              (8 damage)
             ... on level 3 of the Dungeon.
             The game lasted 00:01:34 (190 turns).

tidbits the Insei (Gnoll Transmuter)                 Turns: 190, Time: 00:01:35

Health: -6/23      AC:  2    Str: 12    XL:     2   Next: 41%
Magic:  4/7        EV: 14    Int: 15    God:
Gold:   12         SH:  0    Dex: 15    Spells: 7/10 levels left

rFire    . . .     SeeInvis .     - Unarmed
rCold    . . .     Gourm    .   (no shield)
rNeg     . . .     Faith    .   b - +0 robe
rPois    .         Spirit   .   (no helmet)
rElec    .         Reflect  .   (no cloak)
rCorr    .         Harm     .   (no gloves)
MR       .....                  (boots currently unavailable)
Stlth    ++........             (no amulet)
HPRegen  0.07/turn              (no ring)
MPRegen  0.10/turn              (no ring)

@: lethally poisoned (-6 -> -40), appendage
A: distributed training, fangs 1, talons 3, strong nose
a: End Transformation


You were on level 3 of the Dungeon.
You were not hungry.
You had grown temporary talons.
You visited 1 branch of the dungeon, and saw 3 of its levels.

You collected 12 gold pieces.

Inventory:

Hand Weapons
 f - a +0 dagger
Missiles
 a - 11 arrows
Armour
 b - a +0 robe (worn)
Scrolls
 c - a scroll of identify {unknown}
 e - a scroll of teleportation {unknown}
Comestibles
 d - a ration


   Skills:
 + Level 2.5 Fighting
 + Level 0.4 Short Blades
 + Level 0.4 Long Blades
 + Level 0.4 Axes
 + Level 0.4 Maces & Flails
 + Level 0.4 Polearms
 + Level 0.4 Staves
 + Level 0.4 Slings
 + Level 0.4 Bows
 + Level 0.4 Crossbows
 + Level 0.4 Throwing
 + Level 0.4 Armour
 + Level 4.5 Dodging
 + Level 0.4 Stealth
 + Level 0.4 Shields
 + Level 6.5 Unarmed Combat
 + Level 4.9 Spellcasting
 + Level 0.2 Conjurations
 + Level 0.2 Hexes
 + Level 0.2 Charms
 + Level 0.2 Summonings
 + Level 0.2 Necromancy
 + Level 0.2 Translocations
 + Level 3.7 Transmutations
 + Level 0.2 Fire Magic
 + Level 0.2 Ice Magic
 + Level 0.2 Air Magic
 + Level 0.2 Earth Magic
 + Level 0.2 Poison Magic
 + Level 0.5 Invocations
 + Level 0.4 Evocations


You had 7 spell levels left.
You knew the following spells:

 Your Spells              Type           Power        Failure   Level  Hunger
e - Beastly Appendage     Tmut           ##....       3%          1    None
k - Sticks to Snakes      Tmut           ##......     5%          2    ##.....


Dungeon Overview and Level Annotations

Branches:
Dungeon (3/15)

Altars:

Annotations:
D:3 Terence


Innate Abilities, Weirdness & Mutations

Your experience applies equally to all skills.
You have very sharp teeth.
Your uncanny sense of smell can sniff out nearby items.
You have claws for feet.


Message History

You kill the giant cockroach!
You punch the kobold!
You kill the kobold!
Your transformation is almost over.
You barely miss the rat. Your kick misses the rat. The rat closely misses you.
You closely miss the rat. The rat bites you.
Casting: Beastly Appendage (safe; 3% risk of failure)
Confirm with . or Enter, or press ? or * to list all spells.
You extend your transformation's duration.
The rat closely misses you.
You barely miss the rat.
You kill the rat!
A dart slug comes into view.
You hit the hobgoblin but do no damage. Your kick misses the hobgoblin.
The hobgoblin hits you.
You hit the hobgoblin.
You kill the hobgoblin!
You hit the worm. You claw the worm.
The worm is severely wounded.
Your transformation is almost over.
The worm closely misses you.
You punch the worm!
You kill the worm!
You have reached level 2!
You hit the dart slug.
The dart slug is severely wounded.
The dart slug launches a dart at you. The slug dart misses you.
You hit the dart slug.
You kill the dart slug!
Memorise Sticks to Snakes, consuming 2 spell levels and leaving 7?
You start memorising the spell.
You continue memorising. x2
You finish memorising.
Spell assigned to 'k'.
Things that are here:
a dagger; a rat corpse; a kobold corpse
f - a dagger Your talons disappear.
You see here 12 gold pieces.
You now have 12 gold pieces.
Unknown command.
A goblin comes into view.
Found a robe.
Unknown command.
Casting: Beastly Appendage (safe; 3% risk of failure)
Confirm with . or Enter, or press ? or * to list all spells.
Your feet morph into talons.
The goblin shouts!
You punch the goblin!
You kill the goblin!
You see here a robe.
Found a stone staircase leading down.
Your transformation is almost over.
There is a stone staircase leading down here.
You climb downwards.
A bat comes into view.
Found a ration and a scroll labeled FINEWA ZOOQO.
There is a stone staircase leading up here.
Terence the Incautious comes into view.
He is wielding a short sword of venom.
Terence shouts!
Found an escape hatch in the floor.
The bat barely misses you.
There is a stone staircase leading up here.
You hit the bat but do no damage. The bat hits you but does no damage.
Casting: Beastly Appendage (safe; 3% risk of failure)
Confirm with . or Enter, or press ? or * to list all spells.
You extend your transformation's duration.
The bat hits you but does no damage.
Casting: Beastly Appendage (safe; 3% risk of failure)
Confirm with . or Enter, or press ? or * to list all spells.
You create a snake!
You now have 11 arrows.
The bat hits you.
Terence hits you with a short sword of venom.
You are poisoned.
You closely miss Terence. You bite Terence, but do no damage.
You feel sick. The bat hits you.
Terence hits you with a short sword of venom.
You are more poisoned.
You hit Terence but do no damage. You claw Terence, but do no damage.
* * * LOW HITPOINT WARNING * * *
You feel sick. The bat hits you but does no damage. x2
Terence hits you with a short sword of venom.
* * * LOW HITPOINT WARNING * * *
You are more poisoned.
Your ball python bites Terence but does no damage.
Your ball python grabs Terence.
Your ball python constricts Terence.
You barely miss Terence. You claw Terence, but do no damage.
Terence is lightly wounded.
* * * LOW HITPOINT WARNING * * *
You feel sick. The bat barely misses you. Terence shouts, "Now you die!"
Terence barely misses you.
Your ball python bites Terence but does no damage.
Your ball python constricts Terence.
You hit Terence. You punch Terence, but do no damage.
You bite Terence, but do no damage.
Terence is moderately wounded.
* * * LOW HITPOINT WARNING * * *
You feel sick. The bat hits your ball python. x2
Your ball python bites the bat.
Your ball python constricts Terence.
Terence hits you with a short sword of venom!
You die...

## .. .# %
#.######.# ....
........# ....
#...... .....
#.....##.....
.###............
.......S@#......
####.b@........
.........#.#####
##..###.........
#. ........... #
.....#...###.
#.....##..#
.....?## ..#
#....# #..


You could see Terence, a bat and a friendly ball python.

Vanquished Creatures
  A worm (D:2)
  A dart slug (D:2)
  A giant cockroach (D:2)
  2 goblins (D:2)
  A hobgoblin (D:2)
  A kobold (D:2)
  A rat (D:2)
8 creatures vanquished.

Notes
Turn   | Place    | Note
-------+----------+-------------------------------------------
     0 | D:1      | tidbits the Gnoll Transmuter began the quest for the Orb.
     0 | D:1      | Reached XP level 1. HP: 17/17 MP: 6/6
   109 | D:1      | You fall through a shaft!
   141 | D:2      | Reached XP level 2. HP: 18/23 MP: 5/7
   147 | D:2      | Learned a level 2 spell: Sticks to Snakes
   181 | D:3      | Noticed Terence
   190 | D:3      | HP: 2/23 [poisoned by Terence]
   190 | D:3      | Mangled by Terence

Vault maps used:
D:1:      eino_arrival_water_cross
D:2:      uniq_natasha
D:3:      lemuel_round_altar, first_ration,
          hangedman_abyss_or_decor_lesser_grid, nrook_mini_backslash,
          dk_noncrumbling_4, uniq_terence

Action                   || total
-------------------------++-------
Melee: Unarmed           ||    27
       Kick              ||     5
       Bite              ||     2
       Punch             ||     1
 Cast: Beastly Appendage ||     4
       Sticks to Snakes  ||     1
Armor: Robe              ||     5
Dodge: Dodged            ||    15

Table legend:
 A = Spawn XP
 B = Non-spawn XP
 C = Spawn XP percentage of total XP
 D = Spawn monster count
 E = Non-spawn monster count
 F = Spawn count percentage of total count
 G = Total turns spent on level
                    A         B        C        D         E        F      G
               +---------+---------+-------+---------+---------+-------+---------
         Total |       0 |      20 |   0.0 |       0 |       8 |   0.0 |   190
               +---------+---------+-------+---------+---------+-------+---------
           D:2 |       0 |      20 |   0.0 |       0 |       8 |   0.0 |    70
               +---------+---------+-------+---------+---------+-------+---------

Table legend:
 A = Turns spent in this place as a percentage of turns spent in the entire game.
 B = Non-inter-level travel turns spent in this place as a percentage of non-inter-level travel turns spent in the entire game.
 C = Inter-level travel turns spent in this place as a percentage of turns spent in this place.
 D = Turns resting spent in this place as a percentage of non-inter-level travel turns spent in this place.
 E = Turns spent auto-exploring this place as a percentage of non-inter-level travel turns spent in this place.
 F = Non-inter-level travel turns spent in this place divided by the number of levels of this place that you've seen.
                   A       B       C       D       E      F
               +-------+-------+-------+-------+-------+----------------------
         Total | 100.0 | 100.0 |   0.0 |   0.0 |   0.0 |  63.3
       Dungeon | 100.0 | 100.0 |   0.0 |   0.0 |   0.0 |  63.3
               +-------+-------+-------+-------+-------+----------------------

Table legend:
 A = Kills in this place as a percentage of kills in entire the game.
 B = Kills by you in this place as a percentage of kills by you in the entire game.
 C = Kills by friends in this place as a percentage of kills by friends in the entire game.
 D = Other kills in this place as a percentage of other kills in the entire game.
 E = Experience gained in this place as a percentage of experience gained in the entire game.
 F = Experience gained in this place divided by the number of levels of this place that you have seen.
                   A       B       C       D       E      F
               +-------+-------+-------+-------+-------+----------------------
         Total | 100.0 | 100.0 |   N/A |   N/A | 100.0 |   6.7
       Dungeon | 100.0 | 100.0 |   N/A |   N/A | 100.0 |   6.7
               +-------+-------+-------+-------+-------+----------------------

Vault maps used:
D:1:      eino_arrival_water_cross
D:2:      uniq_natasha
D:3:      lemuel_round_altar, first_ration,
          hangedman_abyss_or_decor_lesser_grid, nrook_mini_backslash,
          dk_noncrumbling_4, uniq_terence
